 Dungeon Crawl Stone Soup version 0.31.0-11-ge490571c62 (webtiles) character file.

Game seed: 13525819338482722338

81 Gadfly the Insei (level 4, -2/35 HPs)
             Began as a Demonspawn Monk on Feb 1, 2024.
             Slain by a goblin
             ... wielding a +0 club
             ... led by Robin
              (5 damage)
             ... on level 2 of the Dungeon.
             The game lasted 00:03:32 (1572 turns).

Gadfly the Insei (Demonspawn Monk)                  Turns: 1572, Time: 00:03:32

Health: -2/35      AC:  4    Str: 13    XL:     4   Next: 19%
Magic:  5/5        EV: 13    Int: 11    God:
Gold:   44         SH:  0    Dex: 18    Spells: 3/3 levels left

rFire   . .          .
                       - Unarmed
rCold   . . .        c - orb {light}
rNeg    . . .        a - +0 robe
rPois   .            (helmet restricted)
rElec   .            (no cloak)
rCorr   .            k - +1 pair of gloves {Dex+3}
SInv    .            (no boots)
Will    .....        (no amulet)
Stlth   +            (no ring)
HPRegen 0.25/turn    (no ring)
MPRegen 0.09/turn

%: no passive effects
@: glowing
A: horns 1
a: no special abilities


You were on level 2 of the Dungeon.
You visited 1 branch of the dungeon, and saw 2 of its levels.

You collected 63 gold pieces.
You spent 19 gold pieces at shops.

Inventory:

Hand Weapons
 f - a +1 long sword
Armour
 a - a +0 robe (worn)
 c - an orb of light (worn)
 k - a +1 pair of gloves of dexterity (worn)
Talismans
 e - a blade talisman
Wands
 j - a wand of polymorph (5)
Potions
 b - a potion of ambrosia
 d - a potion of degeneration {unknown}
 g - a potion of heal wounds
 h - a potion of haste {unknown}
 i - a potion of lignification
 l - a potion of curing {unknown}


   Skills:
 - Level 3.0 Fighting
 + Level 3.0 Dodging
 * Level 3.2 Unarmed Combat
 * Level 2.1 Invocations
 * Level 1.5 Evocations
 * Level 1.3 Shapeshifting


You had 3 spell levels left.
You didn't know any spells.
Your spell library contained the following spells:

 Spells                   Type           Power      Damage    Failure   Level
 Sting                    Conj/Alch      0%         1d3       34%         1
 Mercury Vapours          Alch/Air       0%         N/A       47%         2
 Dazzling Flash           Conj/Hex       0%         N/A       71%         3
 Sigil of Binding         Hex            0%         N/A       71%         3
 Olgreb's Toxic Radiance  Alch           0%         N/A       98%         4
 Summon Blazeheart Golem  Fire/Summ      0%         N/A       98%         4
 Summon Mana Viper        Hex/Summ       0%         N/A       100%        5


Dungeon Overview and Level Annotations

Branches:
Dungeon (2/15)

Altars:

Shops:
D:1 *

Annotations:
D:2 1 runed translucent door, Crazy Yiuf, Robin


Innate Abilities, Weirdness & Mutations

You have a pair of small horns on your head.


Message History

A giant cockroach comes into view.
The hobgoblin hits you but does no damage.
Robin throws the goblin at you! The goblin closely misses you.
The goblin misses you.
You hit the goblin.
You kill the goblin!
The hobgoblin misses you. The goblin closely misses you.
You hit Robin but do no damage.
The hobgoblin hits you but does no damage.
Robin closely misses you. The goblin closely misses you.
You barely miss Robin. You headbutt Robin, but do no damage.
The hobgoblin barely misses you. Robin throws the goblin at you!
The goblin hits you with a +0 club. x2
You hit Robin but do no damage. The hobgoblin closely misses you.
Robin hits you with a +0 club. The goblin completely misses you.
The goblin hits you with a +0 club.
You are too injured to fight recklessly!
You are too injured to fight recklessly!
You are too injured to fight recklessly!
You are too injured to fight recklessly!
You are too injured to fight recklessly!
You are too injured to fight recklessly!
You are too injured to fight recklessly!
You are too injured to fight recklessly!
You are too injured to fight recklessly!
You are too injured to fight recklessly!
You are too injured to fight recklessly!
You are too injured to fight recklessly!
Unknown command.
The hobgoblin attacks as it pursues you!
The hobgoblin barely misses you. The goblin misses you.
The goblin attacks as it pursues you! The goblin hits you with a +0 club.
* * * LOW HITPOINT WARNING * * *
The goblin attacks as it pursues you! The goblin hits you with a +0 club.
* * * LOW HITPOINT WARNING * * *
The hobgoblin attacks as it pursues you!
The hobgoblin hits you.
* * * LOW HITPOINT WARNING * * *
The goblin hits you with a +0 club.
You die...

##### #...## ####### .###.##
#.....# #####.#########
#.....######
##............###..)).......
................#.....#####
.#.#.########.#.#ggg........
#...## #...@.gB########
##...########...###.#
.#....<.........# #.# #####
.#...########.#.# #.# #)..#
.#..## #....##.# #...# ....#
#..#....# ... .##.#
##>..#### #+# .##.# ##.##
#.## .##.# .# ##.#


You could see Robin, a giant cockroach, a hobgoblin (strong) and 2 goblins.

Vanquished Creatures
  4 adders (D:2)
  3 dart slugs
  4 ball pythons
  An endoplasm (D:2)
  5 goblins
  A hobgoblin (D:2)
  6 jackals (D:1)
  A quokka (D:2)
  7 bats
  2 frilled lizards
  3 kobolds
  2 rats
39 creatures vanquished.

Notes
Turn   | Place    | Note
-------+----------+-------------------------------------------
     0 | D:1      | Gadfly the Demonspawn Monk began the quest for the Orb.
     0 | D:1      | Reached XP level 1. HP: 18/18 MP: 1/1
    76 | D:1      | Gained mutation: You have a pair of small horns on your
                  | head. [demonic ancestry]
    76 | D:1      | Reached XP level 2. HP: 21/24 MP: 2/2
   148 | D:1      | Reached skill level 1 in Invocations
   286 | D:1      | Found Uroutatt's Assorted Antiques.
   679 | D:1      | Bought a white potion for 19 gold pieces
   749 | D:2      | Reached skill level 1 in Evocations
   763 | D:2      | Reached XP level 3. HP: 27/29 MP: 4/4
   797 | D:2      | Reached skill level 1 in Shapeshifting
   848 | D:2      | Got the Guide on Creative Glamour
   999 | D:2      | Found a faded altar of an unknown god.
  1305 | D:2      | Reached XP level 4. HP: 20/35 MP: 5/5
  1465 | D:2      | Found a runed translucent door.
  1466 | D:2      | Noticed Crazy Yiuf
  1558 | D:2      | Noticed Robin
  1572 | D:2      | Slain by a goblin

Illustrated notes

Levels and vault maps discovered:
D:1:      roderic_dead_forest, layout_rooms, serial_shops,
          nicolae_shop_rolling_square, minmay_heptomino_o4
D:2:      layout_loops_ring, shapermc_ecumenical_altar_ellora, kennysheep_donut,
          chequers_serial_rivers_micro_e, uniq_crazy_yiuf_cottage, uniq_robin

Skill      XL: |  1  2  3  4 |
---------------+-------------+-----
Invocations    | 1 2 |  2.1
Evocations     | 1 |  1.5
Unarmed Combat | 3 |  3.2
Shapeshifting  | 1 |  1.3
Dodging        | 3 |  3.0
Fighting       | |  3.0

Action                     |  1- 3 |  4- 6 || total
---------------------------+-------+-------++-------
  Melee: Unarmed           |   117 |     9 ||   126
         Headbutt          |    26 |     1 ||    27
    Use: Scroll            |     4 |     1 ||     5
         Potion            |     1 |       ||     1
 Armour: Robe              |    53 |    18 ||    71
  Dodge: Dodged            |    96 |    13 ||   109
